 Dungeon Crawl Stone Soup version 0.21.1-1-g345015fe64 (webtiles) character file.

233 Gargoyl the Skirmisher (level 5, -2/46 HPs)
             Began as a Centaur Abyssal Knight on May 29, 2018.
             Was a Priest of Lugonu.
             Slain by Grinder (5 damage)
             ... on level 3 of the Dungeon.
             The game lasted 00:05:35 (3276 turns).

Gargoyl the Skirmisher (Centaur Abyssal Knight)     Turns: 3276, Time: 00:05:36

Health: -2/46      AC: 10    Str: 14    XL:     5   Next: 74%
Magic:  7/7        EV:  2    Int: 11    God:    Lugonu [***...]
Gold:   111        SH:  0    Dex: 10    Spells: 4/4 levels left

rFire    . . .     SeeInvis .   a - +1 hand axe
rCold    . . .     Gourm    .   (no shield)
rNeg     . . .     Faith    .   o - +0 plate armour
rPois    .         Spirit   .   k - +0 helmet
rElec    .         Reflect  .   (no cloak)
rCorr    .         Harm     .   (no gloves)
MR       .....                  (no barding)
Stlth    ..........             (no amulet)
HPRegen  0.15/turn              m - ring of flight
MPRegen  0.10/turn              (no ring)

@: very quick
A: large, hooves 3, deformed body, speed 2, tough skin 3
a: Depart the Abyss, Bend Space, Banish, Renounce Religion, Evoke Flight


You were on level 3 of the Dungeon.
You worshipped Lugonu.
Lugonu was most pleased with you.
You were hungry.

You visited 1 branch of the dungeon, and saw 3 of its levels.
You visited the Abyss 1 time.

You collected 111 gold pieces.

Inventory:

Hand Weapons
 a - a +1 hand axe (weapon)
 p - a +0 war axe
Missiles
 j - 5 tomahawks (quivered)
Armour
 k - a +0 helmet (worn)
 o - a +0 plate armour (worn)
Jewellery
 m - a ring of flight (left hand)
 n - an uncursed amulet of the gourmand {unknown}
Scrolls
 d - 4 scrolls of teleportation
 h - a scroll of identify
Potions
 e - a potion of agility {unknown}
 f - a potion of curing
 g - a potion of heal wounds
 l - a potion of resistance
 q - a potion of might {unknown}
Books
 i - a book of the Dragon

   Spells                             Type                      Level
   a - Flame Tongue                   Conjuration/Fire             1
   b - Cause Fear                     Hexes                        4
   c - Bolt of Fire                   Conjuration/Fire             6
   d - Dragon Form                    Transmutation                7
   e - Dragon's Call                  Summoning                    9
 s - a book of Minor Magic

   Spells                             Type                      Level
   a - Magic Dart                     Conjuration                  1
   b - Blink                          Translocation                2
   c - Call Imp                       Summoning                    2
   d - Slow                           Hexes                        2
   e - Conjure Flame                  Conjuration/Fire             3
   f - Mephitic Cloud                 Conjuration/Poison/Air       3
Comestibles
 c - 2 rations


   Skills:
 + Level 3.8 Fighting
 + Level 3.6 Axes
 * Level 2.5 Armour
 + Level 1.3 Dodging
 * Level 2.7 Invocations


You had 4 spell levels left.
You didn't know any spells.

Dungeon Overview and Level Annotations

Branches:
Dungeon (3/15)

Altars:
Ashenzari
Makhleb

Annotations:
D:3 Grinder


Innate Abilities, Weirdness & Mutations

You have hooves in place of feet.
Armour fits poorly on your strangely shaped body.
You cover ground very quickly.
You have extremely tough skin. (AC +3)


Message History

Pain shoots through your body!
You can move again.
You barely miss Grinder. You kick Grinder.
Grinder is severely wounded.
Grinder gestures at you.
You barely resist. You closely miss Grinder. You kick Grinder.
Grinder is almost dead.
Grinder hits you.
You writhe in agony.
* * * LOW HITPOINT WARNING * * *
You closely miss Grinder. You kick Grinder.
Grinder is almost dead.
Grinder hits you!
* * * LOW HITPOINT WARNING * * *
You barely miss Grinder. You kick Grinder.
Grinder is almost dead.
Grinder hits you.
* * * LOW HITPOINT WARNING * * *
You writhe in agony.
You die...

#.......## ##.......## #..#
####†#...####.........####...
#........+.........'......
#.#...####.........####...
#.##.## ##.......##.....#
#####.##### ##.....###.##..#
#.........# ##...## #.##..#
#.###.###.########'## #.##..#
#.# #.##.....@5.##.### #.##...
#.# #.##..#####.##.#.###.###.#
#.# #.##..#####.##....##.....#
#.# #.##.)......#......#######
#.###.##..#.............# #
#.........#.###.#......#######
#####.##.##.# #.##...<...).)..
#.......###.###...########
####........# #####


You could see Grinder.

Vanquished Creatures
  A hound (D:2)
  Jessica (D:3)
  Terence (D:3)
  Robin (D:3)
  4 adders
  2 oozes (D:3)
  A worm (D:3)
  2 dart slugs
  2 leopard geckos
  4 orcs (D:3)
  6 bats
  3 giant cockroaches
  5 hobgoblins
  9 jackals
  12 kobolds
  A quokka (D:3)
  2 frilled lizards
  18 goblins
  7 rats
82 creatures vanquished.

Notes
Turn   | Place    | Note
-------+----------+-------------------------------------------
     0 | Abyss:1  | Gargoyl the Centaur Abyssal Knight began the quest for the Orb.
     0 | Abyss:1  | Reached XP level 1. HP: 19/19 MP: 2/2
    39 | Abyss:2  | Noticed a raiju
    40 | Abyss:2  | Noticed a raiju
    40 | Abyss:2  | Noticed a raiju
    47 | D:1      | Escaped the Abyss
   163 | D:1      | Reached * piety under Lugonu
   203 | D:1      | Reached XP level 2. HP: 26/26 MP: 3/3
   709 | D:1      | Reached XP level 3. HP: 31/31 MP: 4/4
   977 | D:2      | Reached ** piety under Lugonu
   977 | D:2      | Reached skill level 1 in Dodging
  1488 | D:2      | Reached XP level 4. HP: 21/40 MP: 5/5
  1636 | D:2      | Found a burning altar of Makhleb.
  1788 | D:2      | Found a shattered altar of Ashenzari.
  2450 | D:3      | Noticed Jessica
  2451 | D:3      | Noticed Terence
  2456 | D:3      | Killed Jessica
  2456 | D:3      | Reached XP level 5. HP: 40/46 MP: 6/6
  2477 | D:3      | Killed Terence
  2891 | D:3      | Noticed Robin
  2911 | D:3      | Reached *** piety under Lugonu
  2916 | D:3      | Killed Robin
  3211 | D:3      | Noticed Grinder
  3212 | D:3      | Paralysed by Grinder for 7 turns
  3224 | D:3      | Paralysed by Grinder for 3 turns
  3236 | D:3      | Paralysed by Grinder for 5 turns
  3247 | D:3      | Paralysed by Grinder for 6 turns
  3255 | D:3      | Paralysed by Grinder for 5 turns
  3270 | D:3      | Paralysed by Grinder for 2 turns
  3276 | D:3      | Slain by Grinder

Skill      XL: |  1  2  3  4 |
---------------+-------------+-----
Axes           | 2 3 |  3.6
Dodging        | 1 |  1.3
Armour         | 2 |  2.5
Fighting       | |  3.8
Invocations    | |  2.7

Action                   |  1- 3 |  4- 6 || total
-------------------------+-------+-------++-------
Melee: Hand axe          |   122 |   179 ||   301
       Kick              |    13 |    29 ||    42
Invok: Depart the Abyss  |     1 |       ||     1
  Use: Scroll            |     4 |     3 ||     7
       Potion            |       |     1 ||     1
  Eat: Chunk             |     1 |     1 ||     2
       Ration            |       |     1 ||     1
Armor: Ice dragon scales |    83 |       ||    83
       Plate armour      |    18 |   146 ||   164
       Skin              |       |    22 ||    22
Dodge: Dodged            |    51 |    24 ||    75
